Zazza, neutral female human Tourist ------------ ----- |..........| ----- |...| |..........-# |..>| #....| |..........|# ##....| ###|...| |..........|# ----- # |...| # #---.-# --------I---# |[..| ### --.-- ### ### ### ## ### |..[| # ## j # ## # # |...-## ## ### # #### ###############`###### ----- #### # # # # # --.-- # # ### # # #I####### ### |...| # ########## # ### -----+-.------- # |...| ## ### ---.--# # |.............| ##....| ---.-# |....|# ##..............| ----- |...|# |....|# |...%.........| |....##### |....|# |.............| |...|# # |....|# |.............| |.<..# ##......# --------------- ----- ------ Zazza the Sightseer Experience level: 4 Strength: 11 Dexterity: 11 Constitution: 14 Intelligence: 13 Wisdom: 10 Charisma: 18 Health: 0(30) Energy: 9(9) Def: 7 Gold: 455 Moves: 2577 Dungeon seed: ST4Unt54Yo-B1EJ1 Game ID: Zazza_1575640934 Your Inventory: Coins $ - 455 gold pieces Weapons a - 23 +2 darts (in quiver) Armor e - an uncursed +0 Hawaiian shirt (being worn) r - an uncursed +0 pair of elven boots (being worn) y - an uncursed +0 orcish helm (being worn) C - an uncursed +0 cloak of invisibility (being worn) N - a cursed -1 elven mithril-coat (being worn) Wands V - a wand of make invisible (0:5) Tools n - an uncursed credit card z - an uncursed bag of holding Gems q - an uncursed worthless piece of red glass Contents of the bag of holding: 887 gold pieces a cursed -1 pair of gauntlets of fumbling an uncursed carrot an uncursed egg an uncursed egg 3 uncursed food rations 2 uncursed lembas wafers an uncursed orange 2 uncursed sprigs of wolfsbane an uncursed tripe ration 2 uncursed scrolls of blank paper an uncursed scroll of enchant weapon 2 uncursed scrolls of magic mapping an uncursed scroll of scare monster an uncursed spellbook of detect monsters an uncursed spellbook of invisibility an uncursed potion of gain energy an uncursed potion of see invisible a cursed ring of hunger a wand of speed monster (0:1) a can of grease (0:7) an expensive camera (0:46) an uncursed garnet stone 2 uncursed worthless pieces of blue glass Spells and supernatural/magical abilities: Name Level Category Fail Memory W - pray for help -- divine ? -- Your skills at the end: Fighting Skills Weapon Skills dart [Basic] Spellcasting Skills Final Attributes: You were piously aligned. You were sleep resistant. You were invisible. You were stealthy. You were fast. You are dead. Vanquished creatures: a gnome lord a gray ooze an elf zombie a homunculus 2 rothes a wererat an acid blob 2 coyotes 3 manes a large kobold 3 giant rats a brown mold a yellow mold 2 gnomes a gnome zombie a gecko 5 jackals 2 goblins 2 sewer rats 5 grid bugs 5 lichens a kobold zombie 6 newts 49 creatures vanquished. Voluntary challenges: You were an atheist. You never hit with a wielded weapon. You read items or engraved 10 times, starting on turn 174. You never genocided any monsters. You never polymorphed an object. You never changed form. You used no wishes. You never split a pudding. You wrote Elbereth's name 6 times, starting on turn 814. You violated your moral code, losing 10 points of alignment, starting on turn 2157. Dungeon overview: The Dungeons of Doom: levels 1 to 6 Level 1 some fountains a long staircase Level 2 Level 3 a long staircase Level 4 an armor shop Level 5 a fountain Level 6 <- You were here an armor shop History has recorded: On T:1 you entered the Dungeons of Doom to retrieve the Amulet of Yendor! On T:402 you reached level 2 of The Dungeons of Doom. On T:710 you reached level 3 of The Dungeons of Doom. On T:1021 you reached level 4 of The Dungeons of Doom. On T:1532 you advanced to experience level 2. On T:1772 you reached level 5 of The Dungeons of Doom. On T:1958 you advanced to experience level 3. On T:2184 you advanced to experience level 4. On T:2259 you reached level 6 of The Dungeons of Doom. Score breakdown: Gold: 1040 (10264 points) Experience: 4 levels ( 9649 points) Exploration: 6 levels ( 12.00%) ( 9583 points) Discoveries: 8 items ( 2.68%) ( 4915 points) Valuables value: (no points given unless you survive) Artifact value: 0 ( 0 points) Variety of kills: 23 monsters ( 6.04%) ( 7370 points) Turncount: 2577 turns ( -375 points) Survival: died (score multiplied by 80%) Total score: 33124 Latest messages: The rabid rat bites! You start equipping yourself. You are now wearing a cloak of invisibility. Suddenly you cannot see yourself. The rabid rat just misses! The rabid rat misses. You hit the rabid rat. (2x) The rabid rat bites! (2x) You hit the rabid rat. (2x) The rabid rat bites! (2x) You write in the dust with your fingers. The rabid rat turns to flee! (2x) You hit the rabid rat. You hit the blue jelly. You are suddenly very cold! You die... Final status: Aloha Zazza the Tourist, killed by a blue jelly... You died in The Dungeons of Doom on dungeon level 6 with 33124 points, and 1342 pieces of gold, after 2577 moves. You were level 4 with a maximum of 30 hit points when you died.